 Dungeon Crawl Stone Soup version 0.29.0-11-gd7f09526c8 (webtiles) character file.

Game seed: 9223499158785613300

671 Vorhees the Magician (level 7, 0/49 HPs)
             Began as a Djinni Conjurer on Sept 6, 2022.
             Shot with an arrow by a centaur (8 damage)
             ... on level 5 of the Dungeon.
             The game lasted 00:05:23 (5385 turns).

Vorhees the Magician (Djinni Conjurer)              Turns: 5385, Time: 00:05:23

Health: 0/49       AC:  2    Str:  6    XL:     7   Next: 89%
Gold:   146        EV: 12    Int: 21    God:
                   SH:  0    Dex: 12

rFire   + + .      SeeInvis .   e - +1 long sword (holy)
rCold   x . .      Faith    .   (no shield)
rNeg    . . .      Spirit   .   a - +0 robe
rPois   ∞          Reflect  .   (no helmet)
rElec   .          Harm     .   (no cloak)
rCorr   .          Rampage  .   (no gloves)
Will    +....                   (boots unavailable)
Stlth   ++........              (no amulet)
HPRegen 0.16/turn               g - ring of willpower
MPRegen 0.00/turn               (no ring)

@: about to teleport, flying
A: sickness immunity, fire resistance 2, cold vulnerability 1, float, innate
caster, HP casting, extra vitality 1
a: no special abilities


You were on level 5 of the Dungeon.
You visited 1 branch of the dungeon, and saw 5 of its levels.

You collected 146 gold pieces.

Inventory:

Hand Weapons
 e - a +1 long sword of holy wrath (weapon)
Armour
 a - a +0 robe (worn)
Jewellery
 g - a ring of willpower (left hand)
Wands
 j - a wand of polymorph (4)
 p - a wand of flame (13)
Scrolls
 c - 2 scrolls of magic mapping
Potions
 b - a potion of attraction
 d - a potion of lignification {unknown}
 f - a potion of mutation
 h - a potion of curing {unknown}
 l - a potion of berserk rage {unknown}
 n - a potion of heal wounds {unknown}
 q - a potion of degeneration {unknown}
 r - a potion of ambrosia


   Skills:
 * Level 2.3 Fighting
 - Level 2.1 Dodging
 - Level 1.5 Stealth
 * Level 6.7 Spellcasting


You couldn't memorise any spells.
You knew the following spells:

 Your Spells              Type           Power      Damage    Failure   Level
a - Magic Dart            Conj           100%       1d8       1%          1
b - Searing Ray           Conj           70%        2d7       1%          2
c - Dazzling Flash        Conj/Hex       70%        N/A       1%          3
d - Fulminant Prism       Conj/Hex       17%        3d11      5%          4
e - Iskenderun's Mystic   Conj/Tloc      35%        2d8       5%          4
f - Beastly Appendage     Tmut           70%        N/A       1%          1
g - Blink                 Tloc           70%        N/A       1%          2
h - Vampiric Draining     Necr           35%        2d8       1%          3
Your spell library was empty.

Dungeon Overview and Level Annotations

Branches:
Dungeon (5/15)
 Temple: D:4-7

Altars:
Nemelex Xobeh
Wu Jian

Shops:
D:2 *


Innate Abilities, Weirdness & Mutations

You are immune to sickness and miasma.
You are immune to poison.
Your flesh is very heat resistant. (rF++)
You are vulnerable to cold. (rC-)
You float through the air rather than walking.
You learn spells naturally, not from books.
Your magical power is your life essence.
You have superior vitality. (+4 MHP)


Message History

The centaur kicks you.
Unknown command.
Unknown command.
Casting: Iskenderun's Mystic Blast (dangerous; 5% risk of failure)
Confirm with . or Enter, or press ? or * to list all spells.
You erupt in a blast of force!
The mystic blast hits the centaur!
The centaur is heavily wounded.
The centaur is knocked back by the mystic blast.
* * * LOW HITPOINT WARNING * * *
The centaur wields a +0 shortbow.
The centaur shoots an arrow.
The arrow hits you!
* * * LOW HITPOINT WARNING * * *
Unknown command.
Okay, then.
Unknown command.
Unknown command.
As you read the scroll of butterflies, it crumbles to dust.
You hear the tinkle of a tiny bell.
The centaur unwields a +0 shortbow.
The centaur barely misses your butterfly.
The centaur kicks your butterfly.
Your butterfly dies!
Your butterfly disappears in a burst of colours!
You swap places.
The centaur barely misses your butterfly.
The centaur closely misses your butterfly.
You swap places.
The centaur hits your butterfly!
Your butterfly dies!
Your butterfly disappears in a burst of colours!
As you read the scroll of teleportation, it crumbles to dust.
You feel strangely unstable.
The centaur completely misses your butterfly.
The centaur kicks your butterfly.
Your butterfly dies!
Your butterfly disappears in a burst of colours!
The centaur hits your butterfly.
Your butterfly dies!
Your butterfly disappears in a burst of colours!
The centaur wields a +0 shortbow.
The centaur shoots an arrow.
The arrow hits you!
You die...

#.# #5 #.# #. #.#
.. #.# #. #.# .
#. #.# ... #. #.#
.....#.########.#
........c)...@..#
######.##########
#. .. .o* ..(.
..... ..###.


You could see a centaur.

Vanquished Creatures
  Sigmund (D:3)
  A water moccasin (D:4)
  Blork the orc (D:5)
  An orc priest (D:4)
  Terence (D:2)
  Natasha (thrice) (D:4)
  12 adders
  An ufetubus (D:5)
  2 worms (D:2)
  2 dart slugs
  3 orcs (D:4)
  13 ball pythons
  4 bats
  13 endoplasms
  10 goblins
  4 hobgoblins
  6 jackals
  5 kobolds (D:1)
  2 quokkas (D:1)
  2 frilled lizards
  9 rats
96 creatures vanquished.

Vanquished Creatures (others)
  4 fulminant prisms
4 creatures vanquished.

Grand Total: 100 creatures vanquished

Notes
Turn   | Place    | Note
-------+----------+-------------------------------------------
     0 | D:1      | Vorhees the Djinni Conjurer began the quest for the Orb.
     0 | D:1      | Vorhees set off with the following spells memorised: Magic
                  | Dart, Searing Ray, Dazzling Flash, Fulminant Prism,
                  | Iskenderun's Mystic Blast.
     0 | D:1      | Reached XP level 1. HP: 15/15 MP: 0/0
   325 | D:1      | Reached XP level 2. HP: 17/21 MP: 0/0
   770 | D:1      | Reached XP level 3. HP: 20/26 MP: 0/0
   770 | D:1      | Learned a level 1 spell: Beastly Appendage
  1085 | D:1      | Reached skill level 4 in Spellcasting
  1202 | D:1      | Found an ornate altar of the Wu Jian Council.
  1369 | D:1      | Found a faded altar of an unknown god.
  1797 | D:2      | Reached XP level 4. HP: 15/31 MP: 0/0
  2107 | D:2      | Noticed Terence
  2113 | D:2      | Killed Terence
  2114 | D:2      | Reached skill level 1 in Fighting
  2290 | D:2      | Found Deefet's Assorted Antiques.
  2527 | D:2      | Reached XP level 5. HP: 30/37 MP: 0/0
  2527 | D:2      | Learned a level 2 spell: Blink
  2970 | D:3      | Found a sparkling altar of Nemelex Xobeh.
  3169 | D:3      | Noticed Sigmund
  3176 | D:3      | Killed Sigmund
  3177 | D:3      | Reached skill level 5 in Spellcasting
  3177 | D:3      | Reached XP level 6. HP: 25/43 MP: 0/0
  3644 | D:4      | Noticed Natasha
  3649 | D:4      | Killed Natasha
  4101 | D:4      | Noticed a water moccasin
  4104 | D:4      | Reached XP level 7. HP: 45/48 MP: 0/0
  4104 | D:4      | Learned a level 3 spell: Vampiric Draining
  4112 | D:4      | Killed a water moccasin
  4113 | D:4      | Reached skill level 6 in Spellcasting
  4411 | D:4      | Noticed Natasha
  4423 | D:4      | Killed Natasha
  4816 | D:4      | Noticed Natasha
  4825 | D:4      | Killed Natasha
  5342 | D:5      | Entered Level 5 of the Dungeon
  5363 | D:5      | Noticed Blork the orc
  5371 | D:5      | Killed Blork the orc
  5385 | D:5      | Shot with an arrow by a centaur

Illustrated notes

Levels and vault maps discovered:
D:1:      lightli_molten_gateway, layout_basic,
          shapermc_ecumenical_altar_mp_urbaneastern, minmay_hexomino_r4
D:2:      layout_loops_ring, serial_shops, shop, uniq_terence
D:3:      layout_basic, nemelex_xobeh_ov_fountains_minmay,
          hangedman_feature_mirror, uniq_sigmund
D:4:      layout_cave_pods, minmay_snake_closets, uniq_natasha
D:5:      layout_basic, uniq_blork_the_orc

Skill      XL: |  1  2  3  4  5  6  7 |
---------------+----------------------+-----
Spellcasting   | 4 5 6 |  6.7
Fighting       | 1 2 |  2.3
Dodging        | |  2.1
Stealth        | |  1.5

Action                   |  1- 3 |  4- 6 |  7- 9 || total
-------------------------+-------+-------+-------++-------
 Cast: Magic Dart        |    84 |    89 |    36 ||   209
       Searing Ray       |       |     4 |     2 ||     6
       Fulminant Prism   |       |     1 |     3 ||     4
       Iskenderun's Myst |       |       |     7 ||     7
       Vampiric Draining |       |       |     3 ||     3
  Use: Potion            |     2 |       |       ||     2
       Scroll            |     6 |     2 |     3 ||    11
Armor: Robe              |     7 |     5 |     2 ||    14
Dodge: Dodged            |    26 |     7 |    19 ||    52
